 Seeded DCSS version 0.32-a0-999-gfa1cc04b1d (webtiles) character file.

Game seed: 202404252 (custom seed)

181 Orlauf the Twirler (level 5, -7/41 HPs)
             Began as a Demonspawn Gladiator on Apr 25, 2024.
             Mangled by an ogre
             ... wielding a +0 giant club
              (20 damage)
             ... on level 4 of the Dungeon.
             The game lasted 00:02:49 (2140 turns).

Orlauf the Twirler (Demonspawn Gladiator)           Turns: 2140, Time: 00:02:50

Health: -7/41      AC: 11    Str: 17    XL:     5   Next: 34%
Magic:  5/5        EV:  7    Int:  8    God:
Gold:   171        SH:  0    Dex: 14    Spells: 4/4 levels left

rFire   . . .        a - +1 quarterstaff (drain)
rCold   . . .        (shield currently unavailable)
rNeg    . . .        g - +0 chain mail
rPois   .            i - +1 helmet {SInv}
rElec   .            n - +0 cloak
rCorr   .            (no gloves)
SInv    +            (no boots)
Will    .....        (no amulet) Stlth
                     (no ring)
HPRegen 0.26/turn    (no ring)
MPRegen 0.09/turn

%: no passive effects
@: no status effects
A: demonic magic 1, demonic touch 2
a: no special abilities


You were on level 4 of the Dungeon.
You visited 1 branch of the dungeon, and saw 4 of its levels.

You collected 171 gold pieces.

Inventory:

Hand Weapons
 a - a +1 quarterstaff of draining (weapon)
 f - a +0 quarterstaff
 o - a +4 quarterstaff of chaos
Missiles
 d - 2 throwing nets (quivered)
 e - a javelin
Armour
 g - a +0 chain mail (worn)
 i - a +1 helmet of see invisible (worn)
 n - a +0 cloak (worn)
Wands
 h - a wand of polymorph (8)
 m - a wand of flame (19)
Scrolls
 b - a scroll of identify
 c - a scroll of immolation
Potions
 j - a potion of brilliance
 k - a potion of heal wounds
 l - a potion of mutation {unknown}


   Skills:
 + Level 3.5 Fighting
 * Level 4.8 Staves
 - Level 1.7 Throwing
 - Level 2.6 Dodging


You had 4 spell levels left.
You didn't know any spells.
Your spell library contained the following spells:

 Spells                   Type           Power      Damage    Failure   Level
 Magic Dart               Conj           0%         1d3       99%         1
 Blink                    Tloc           0%         N/A       100%        2
 Call Imp                 Summ           0%         N/A       100%        2


Dungeon Overview and Level Annotations

Branches:
Dungeon (4/15)
 Temple: D:4-7

Altars:


Innate Abilities, Weirdness & Mutations

Spells you cast may paralyse adjacent enemies.
Your touch may inflict irresistible damage on your foes.


Message History

You closely miss the kobold.
The ogre shouts!
The kobold hits you but does no damage.
The kobold hits you with a +0 short sword.
You hit the kobold.
You kill the kobold!
The kobold hits you but does no damage. The kobold hits you with a +0 dagger.
You sock the kobold!
You kill the kobold!
An adder comes into view.
The adder moves out of view.
Things that are here:
a +0 dagger; a kobold corpse You barely miss the dart slug.
The dart slug barely misses you.
You hit the dart slug.
The dart slug is heavily wounded.
The dart slug barely misses you.
You thump the dart slug!
You kill the dart slug!
You hit the ogre.
The ogre is moderately wounded.
The ogre completely misses you.
You hit the ogre but do no damage.
The ogre is moderately wounded.
The ogre hits you with a +0 giant club!
You sock the ogre!
The ogre is heavily wounded.
You sock the ogre!
The ogre is almost dead.
The ogre hits you with a +0 giant club!
You are too injured to fight recklessly!
You are too injured to fight recklessly!
Throw: 3 throwing nets
Press: ? - help, Q - select action, (/) - cycle Shift-Dir - straight line, f - ogre
Aim: an ogre, wielding a +0 giant club (almost dead, 72% to hit)
You throw a throwing net.
The throwing net barely misses the ogre.
The throwing net barely misses the adder.
The ogre hits you with a +0 giant club!!
You die...

#.#### ... #.##.. ...
#.##.# .. #.##.##.##
.# #.##.#... .
#######.##.#.## .###
#.............###....
#.#####.##.#......#
#SO@†.......#
#)##........#
#.####)..)..#
..>....<#.###
..########.# ... .#
~... .. ~.... .. ..#


You could see an ogre and an adder.

Vanquished Creatures
  Crazy Yiuf (D:2)
  An orc priest (D:3)
  Robin (D:1)
  2 adders (D:2)
  3 dart slugs
  4 orcs
  3 endoplasms
  4 giant cockroaches
  24 goblins
  8 hobgoblins
  3 jackals (D:2)
  2 quokkas
  7 ball pythons
  2 frilled lizards
  6 kobolds
  7 rats
78 creatures vanquished.

Notes
Turn   | Place    | Note
-------+----------+-------------------------------------------
     0 | D:1      | Orlauf the Demonspawn Gladiator began the quest for the
                  | Orb.
     0 | D:1      | Reached XP level 1. HP: 16/16 MP: 1/1
   158 | D:1      | Reached skill level 3 in Staves
   332 | D:1      | Gained mutation: Your touch may inflict minor irresistible
                  | damage on your foes. [demonic ancestry]
   332 | D:1      | Reached XP level 2. HP: 22/22 MP: 2/2
   683 | D:1      | Identified a scroll of acquirement
   683 | D:1      | Acquired a +1 quarterstaff of draining
   727 | D:2      | Noticed Robin
   744 | D:1      | Killed Robin
   745 | D:1      | Gained mutation: Your touch may inflict irresistible damage
                  | on your foes. [demonic ancestry]
   745 | D:1      | Reached XP level 3. HP: 13/28 MP: 3/3
   951 | D:2      | Reached XP level 4. HP: 34/34 MP: 4/4
  1057 | D:2      | Reached skill level 4 in Staves
  1161 | D:2      | Found a runed translucent door.
  1162 | D:2      | Noticed Crazy Yiuf
  1170 | D:2      | Killed Crazy Yiuf
  1554 | D:3      | HP: 1/35 [orc priest/divine providence (11)]
  1565 | D:3      | Gained mutation: Spells you cast may paralyse adjacent
                  | enemies. [demonic ancestry]
  1565 | D:3      | Reached XP level 5. HP: 19/41 MP: 5/5
  2127 | D:4      | Noticed an ogre
  2140 | D:4      | Mangled by an ogre

Illustrated notes

Levels and vault maps discovered:
D:1:      eino_arrival_druids_welcome, layout_loops_ring, st_stairs_14,
          roderic_lattice_a, nrook_mini_vaults, hangedman_decor_opposing
D:2:      layout_rooms, uniq_crazy_yiuf_cottage, uniq_robin
D:3:      cheibrodos_greedy_goblins, layout_rooms, serial_forest,
          infiniplex_forest_end_3, infiniplex_forest_clump_double,
          infiniplex_forest_end_2, infiniplex_forest_pool,
          infiniplex_forest_clump_medium, infiniplex_forest_straight_3,
          infiniplex_forest_side_room, infiniplex_forest_join,
          infiniplex_forest_split, infiniplex_forest_straight_1, st_stairs_6,
          grunt_ministairs_2, minmay_strange_pillars, chequers_garden
D:4:      cheibrodos_helix_gallery, layout_loops_cross, uniq_natasha,
          uniq_duvessa

Skill      XL: |  1  2  3  4 |
---------------+-------------+-----
Staves         | 3 4 |  4.8
Fighting       | 3 |  3.5
Throwing       | |  1.7
Dodging        | |  2.6

Action                     |  1- 3 |  4- 6 || total
---------------------------+-------+-------++-------
  Melee: Quarterstaff      |    76 |   113 ||   189
  Throw: Throwing net      |       |     2 ||     2
    Use: Scroll            |     2 |     5 ||     7
         Potion            |       |     2 ||     2
   Stab: Held in net/web   |       |     1 ||     1
 Armour: Leather armour    |    12 |       ||    12
         Chain mail        |    74 |    90 ||   164
  Dodge: Dodged            |    35 |    35 ||    70

Table legend: (Time is in decaauts)
 A = Elapsed time spent in this place.
 B = Non-inter-level travel time spent in this place.
 C = Inter-level travel time spent in this place.
 D = Time resting spent in this place.
 E = Time spent auto-exploring this place.
 F = Levels seen in this place.
 G = Mean time per level.
                   A        B        C        D        E       F      G
               +--------+--------+--------+--------+--------+-----+--------+
         Total |   2158 |   2087 |     71 |     40 |   1628 |   4 |  539.5 |
       Dungeon |   2158 |   2087 |     71 |     40 |   1628 |   4 |  539.5 |
               +--------+--------+--------+--------+--------+-----+--------+

Top non-repeatable levels by time:
     D:3: 860 daAuts
     D:1: 809 daAuts
     D:2: 455 daAuts
     D:4: 33 daAuts
